[Event "Titled Tuesday Blitz April 05 Late 2022"]
[White "Sanchez Alvares, Kelvin Antonio"]
[Black "Goryachkina, Aleksandra"]
[WhiteFideId "3906680"]
[BlackFideId "4147103"]
[WhiteElo "2507"]
[BlackElo "2630"]
[Result "0-1"]
[Round "11"]
[TimeControl "180+1"]
[Date "2022.04.06"]
[WhiteClock "0:01:11"]
[BlackClock "0:01:57"]

1. e4 e6 2. d4 d5 3. Nd2 Be7 4. Ngf3 Nf6 5. exd5 exd5 6. Bd3 O-O 7. h3 Nbd7 8. O-O Bd6 9. Re1 Re8 10. Rxe8+ Qxe8 11. Nf1 Nf8 12. c3 Ng6 13. Bg5 Ne4 14. Be3 Bf5 15. Qc2 Qd7 16. Ne5 Bxe5 17. dxe5 Nxe5 18. Rd1 Nxd3 19. Qxd3 Nxf2 20. Qxd5 Nxd1 0-1


[Site "https://www.chess.com"]

[Event "Titled Tuesday Blitz April 05 Late 2022"]
[White "Sarkar, Justin"]
[Black "Prohorov, Olexandr"]
[WhiteFideId "2010011"]
[BlackFideId "14105578"]
[WhiteElo "2321"]
[BlackElo "2429"]
[Result "0-1"]
[Round "11"]
[TimeControl "180+1"]
[Date "2022.04.06"]
[WhiteClock "0:00:02"]
[BlackClock "0:00:05"]

1. e4 c5 2. Nf3 Nc6 3. Nc3 e5 4. Bc4 Be7 5. d3 Nf6 6. Nd2 O-O 7. Nf1 d6 8. Ne3 Be6 9. O-O Nd7 10. Ncd5 Bg5 11. c3 Bxe3 12. fxe3 Ne7 13. a4 Bxd5 14. exd5 f5 15. a5 Nf6 16. Qb3 Rb8 17. Bd2 Kh8 18. Be1 g5 19. Bd2 Rg8 20. Qc2 h6 21. b4 cxb4 22. cxb4 f4 23. d4 Rc8 24. dxe5 dxe5 25. Qb3 Qd6 26. Rad1 Nf5 27. Bd3 Nxe3 28. Bxe3 fxe3 29. Be2 Rcf8 30. Qxe3 Qxb4 31. Qxe5 Qe4 32. Qxe4 Nxe4 33. Rxf8 Rxf8 34. d6 Rd8 35. d7 Nc3 36. Rd2 Nxe2+ 37. Rxe2 Rxd7 38. Re8+ Kg7 39. Ra8 a6 40. Kf2 Kg6 41. Rb8 Rc7 42. h3 Re7 43. Kg3 Kf5 44. Rf8+ Ke5 45. Rh8 Re6 46. Rh7 b6 47. axb6 Rxb6 48. Ra7 Kf5 49. Kh2 h5 50. Rf7+ Ke4 51. Re7+ Kd3 52. Re5 Rb5 53. Re6 a5 54. Ra6 Kc4 55. h4 g4 56. Kg3 Kb3 57. Kf4 a4 0-1


[Site "https://www.chess.com"]

[Event "Titled Tuesday Blitz April 05 Late 2022"]
[White "Shimanov, Aleksandr"]
[Black "Naroditsky, Daniel"]
[WhiteFideId "4198603"]
[BlackFideId "2026961"]
[WhiteElo "2636"]
[BlackElo "2608"]
[Result "0-1"]
[Round "11"]
[TimeControl "180+1"]
[Date "2022.04.05"]
[WhiteClock "0:00:06"]
[BlackClock "0:00:08"]

1. b3 e5 2. Bb2 Nc6 3. e3 Nf6 4. Bb5 e4 5. d4 d5 6. c4 a6 7. Bxc6+ bxc6 8. h3 Bd6 9. Ba3 O-O 10. Ne2 a5 11. Bxd6 Qxd6 12. Nbc3 Ba6 13. c5 Qd7 14. Qd2 Rab8 15. O-O-O Rb4 16. Na4 Rfb8 17. Nec3 Qc8 18. f4 Bb5 19. g4 Bxa4 20. Nxa4 Qa6 21. Qc2 g6 22. Rh2 h5 23. Rg2 Kf8 24. Kd2 Ke7 25. g5 Ne8 26. f5 gxf5 27. g6 f4 28. g7 Nf6 29. Rg5 Rg8 30. Rdg1 Qc8 31. Re5+ Kd8 32. Rh1 Rxg7 33. Kc1 f3 34. Qh2 Qd7 35. Qf4 Rg6 36. Rf5 Qe6 37. Re5 Qd7 38. Rf5 Qe7 39. Re5 Qf8 40. Rf5 Qg7 41. Kb2 Kc8 42. Ka3 Rb7 43. Qe5 Kb8 44. Qe7 Ka7 45. Qd8 Qg8 46. Qe7 Qe8 47. Qxe8 Nxe8 48. Rxf7 Nf6 49. Nc3 h4 50. Nd1 Nh5 51. Nf2 Rg2 52. Ng4 Ng3 53. Rb1 a4 54. Rb2 axb3 55. axb3 Rxb2 56. Kxb2 Ne2 57. Nf2 Ng3 58. Rf8 Nf1 59. Ng4 Nd2 60. Kc3 Nxb3 61. Rh8 Na5 62. Rxh4 Rb3+ 63. Kc2 Ra3 64. Rh7 Kb7 65. h4 Nc4 66. h5 Nxe3+ 67. Nxe3 Rxe3 68. Rf7 Re2+ 69. Kc3 Rh2 70. Rf5 f2 71. h6 e3 72. Kd3 Rh1 73. h7 Rxh7 74. Kxe3 Rh4 75. Rxf2 Rh3+ 76. Kf4 Rd3 77. Ke5 Re3+ 78. Kf5 Re4 79. Rf4 Re1 80. Rf3 Re4 81. Rb3+ Ka6 82. Rd3 Kb5 83. Rb3+ Kc4 84. Rb7 Kxd4 85. Rxc7 Kxc5 86. Rc8 Re1 87. Rb8 d4 88. Rd8 Kc4 89. Kf4 c5 90. Kf3 Kc3 0-1


[Site "https://www.chess.com"]

[Event "Titled Tuesday Blitz April 05 Late 2022"]
[White "Silvestre, Christian"]
[Black "Araujo Filho, Luiz Antonio Coel"]
[WhiteFideId "30956269"]
[BlackFideId "2130661"]
[WhiteElo "2389"]
[BlackElo "2277"]
[Result "1-0"]
[Round "11"]
[TimeControl "180+1"]
[Date "2022.04.06"]
[WhiteClock "0:00:15"]
[BlackClock "0:00:10"]

1. Nf3 f5 2. g3 Nf6 3. Bg2 g6 4. O-O Bg7 5. d3 O-O 6. c4 d6 7. Nc3 e5 8. e4 Nc6 9. Re1 h6 10. Rb1 g5 11. exf5 Bxf5 12. Nd5 Bg4 13. Ne3 Bh5 14. h3 g4 15. hxg4 Nxg4 16. Nh2 Nf6 17. Qb3 Rb8 18. c5+ Kh8 19. cxd6 cxd6 20. Nf5 Qd7 21. Nxg7 Qxg7 22. Be3 Ng4 23. Nxg4 Bxg4 24. Kh2 Bf3 25. Rh1 Rf6 26. Bxf3 Rxf3 27. Kg2 Rf6 28. Bxh6 Rxh6 29. Rxh6+ Qxh6 30. Rh1 Qxh1+ 31. Kxh1 Kg7 32. Qe6 Rd8 33. Qg4+ Kf6 34. Qh4+ Ke6 35. Qh6+ Kd5 36. g4 Kd4 37. Qe3+ Kd5 38. g5 Rg8 39. Qe4+ Ke6 40. Qg4+ Kd5 41. Qc4# 1-0


[Site "https://www.chess.com"]

[Event "Titled Tuesday Blitz April 05 Late 2022"]
[White "Soysal, Serkan"]
[Black "Rytenko, Vsevolod"]
[WhiteFideId "6349250"]
[BlackFideId "14133040"]
[WhiteElo "2440"]
[BlackElo "2120"]
[Result "1-0"]
[Round "11"]
[TimeControl "180+1"]
[Date "2022.04.05"]
[WhiteClock "0:00:05"]
[BlackClock "0:00:40"]

1. d4 Nf6 2. c4 g6 3. f3 Bg7 4. e4 O-O 5. Be3 d6 6. Ne2 c6 7. Qd2 a6 8. c5 Nbd7 9. Nbc3 b6 10. cxd6 exd6 11. Ng3 b5 12. Be2 Nb6 13. O-O b4 14. Nd1 a5 15. Rc1 Bb7 16. Nf2 d5 17. e5 Ne8 18. b3 f6 19. f4 f5 20. Nd3 Nc7 21. Nc5 Bc8 22. Ra1 Nd7 23. Nxd7 Qxd7 24. a3 Rb8 25. axb4 axb4 26. Ra7 Qd8 27. Rc1 Bb7 28. Qxb4 Ba6 29. Qa5 Bxe2 30. Nxe2 Nb5 31. Qxd8 Rfxd8 32. Ra6 Nc7 33. Raxc6 Rxb3 34. Rxc7 Rxe3 35. Kf2 Rb3 36. Rc8 Rb8 37. Rxb8 Rxb8 38. Rc5 Rd8 39. Nc3 Bf8 40. Rxd5 Rc8 41. Ne2 Rc2 42. Rd7 Bb4 43. Rb7 Bc3 44. Ke3 Ba5 45. e6 Kf8 46. Rxh7 Ra2 47. Rf7+ Ke8 48. Rb7 Be1 49. d5 Ra3+ 50. Kd4 Bf2+ 51. Kc4 Re3 52. Nc3 Be1 53. Nb5 Re4+ 54. Kd3 Bb4 55. g3 Bc5 56. d6 Rxe6 57. Nc7+ Kd7 58. Nxe6+ Kxe6 59. Rg7 Kf6 60. d7 Bb6 61. Rg8 Ke7 62. Rxg6 1-0


[Site "https://www.chess.com"]

[Event "Titled Tuesday Blitz April 05 Late 2022"]
[White "Stoenescu, Radu"]
[Black "P., Komal Kishore"]
[WhiteFideId "610143"]
[BlackFideId "5016703"]
[WhiteElo "1903"]
[BlackElo "2078"]
[Result "1-0"]
[Round "11"]
[TimeControl "180+1"]
[Date "2022.04.06"]
[WhiteClock "0:00:10"]
[BlackClock "0:00:01"]

1. e4 c6 2. d4 d5 3. Nd2 dxe4 4. Nxe4 Bf5 5. Ng3 Bg6 6. h4 h6 7. Nf3 Nd7 8. h5 Bh7 9. Bd3 Bxd3 10. Qxd3 e6 11. Bd2 Ngf6 12. O-O-O Qc7 13. Ne4 Nxe4 14. Qxe4 Nf6 15. Qe2 Bd6 16. Kb1 O-O-O 17. Ne5 c5 18. Bc3 Nd5 19. Qc4 Bxe5 20. dxe5 a6 21. Rde1 b5 22. Qd3 Qc6 23. Qg3 Nxc3+ 24. Qxc3 c4 25. Qg3 Rhg8 26. Rd1 Rd5 27. a3 Qd7 28. Rde1 a5 29. Qc3 Qc7 30. Rh4 Qc5 31. Qxa5 c3 32. Qxc3 Qxc3 33. bxc3 Rd2 34. Rf4 Rf8 35. Kc1 Rd7 36. Rd1 Rfd8 37. Rfd4 Rd5 38. Kb2 Kc7 39. Kb3 Kc6 40. c4 bxc4+ 41. Rxc4+ Kb5 42. Rxd5+ Rxd5 43. Rc7 Rxe5 44. Rxf7 Rg5 45. g3 Kc5 46. a4 e5 47. a5 Kb5 48. Ra7 Rxh5 49. c4+ Kc6 50. Rxg7 Rf5 51. Rg6+ Kb7 52. Rxh6 Rxf2 53. Kc3 1-0


[Site "https://www.chess.com"]

[Event "Titled Tuesday Blitz April 05 Late 2022"]
[White "Swicarz, Maciej"]
[Black "Curtis, John"]
[WhiteFideId "1113585"]
[BlackFideId "3200256"]
[WhiteElo "2501"]
[BlackElo "2171"]
[Result "1-0"]
[Round "11"]
[TimeControl "180+1"]
[Date "2022.04.06"]
[WhiteClock "0:00:30"]
[BlackClock "0:00:07"]

1. c4 Nf6 2. Nc3 e5 3. Nf3 Nc6 4. e4 d6 5. d4 Bg4 6. d5 Bxf3 7. gxf3 Nd4 8. f4 c5 9. dxc6 bxc6 10. f5 g6 11. fxg6 hxg6 12. Be3 c5 13. Bg5 Be7 14. Bd3 Rb8 15. b3 Nh5 16. Bxe7 Qxe7 17. Nd5 Qh4 18. h3 Nf4 19. Nxf4 Qxf4 20. Kf1 Rh4 21. Rc1 Ke7 22. Rc3 Rbh8 23. Bb1 g5 24. Rg3 R8h6 25. Kg2 Kf8 26. Re1 Rf6 27. Rf1 a5 28. Qe1 g4 29. Qxa5 Rfh6 30. Qd8+ Kg7 31. Rh1 Rf6 32. Rf1 Rfh6 33. f3 1-0


[Site "https://www.chess.com"]

[Event "Titled Tuesday Blitz April 05 Late 2022"]
[White "Sztokbant, Bernardo Vainzoff"]
[Black "Rottenwohrer Suarez, Juan"]
[WhiteFideId "2115956"]
[BlackFideId "32068182"]
[WhiteElo "2530"]
[BlackElo "2411"]
[Result "1-0"]
[Round "11"]
[TimeControl "180+1"]
[Date "2022.04.06"]
[WhiteClock "0:00:05"]
[BlackClock "0:00:03"]

1. e4 c5 2. Nf3 g6 3. d4 cxd4 4. Nxd4 Nc6 5. Nc3 Bg7 6. Nb3 Bxc3+ 7. bxc3 Nf6 8. f3 d5 9. exd5 Qxd5 10. Be3 O-O 11. Be2 Bf5 12. O-O Qxd1 13. Bxd1 Nd5 14. Bd2 b6 15. Re1 Rac8 16. g4 Bd7 17. Be2 Ne5 18. Kf2 Rc7 19. Bf1 f6 20. h3 Nxc3 21. f4 Nxg4+ 22. hxg4 Bxg4 23. Bxc3 Rxc3 24. Rxe7 Rxc2+ 25. Kg3 h5 26. Rc1 Rxc1 27. Nxc1 Rc8 28. Nb3 Rc3+ 29. Kh2 Rc2+ 30. Kg1 Rxa2 31. Nd4 Ra1 32. Kf2 Kf8 33. Rc7 Ra4 34. Ke3 h4 35. Bc4 Ra3+ 36. Kf2 h3 37. Rf7+ Ke8 38. Rh7 Rc3 39. Bb5+ Kf8 40. Rh4 f5 41. Rh7 Rc1 42. Kg3 Rb1 43. Bc4 Rg1+ 44. Kf2 Rg2+ 45. Ke3 h2 46. Ne6+ Kg8 47. Ng5+ Kf8 48. Rf7+ Ke8 49. Bb5+ Kd8 50. Ne6+ Kc8 51. Ba6+ Kb8 52. Rf8# 1-0


[Site "https://www.chess.com"]

[Event "Titled Tuesday Blitz April 05 Late 2022"]
[White "Tristan, Leonardo"]
[Black "Jumabayev, Rinat"]
[WhiteFideId "113816"]
[BlackFideId "13702661"]
[WhiteElo "2404"]
[BlackElo "2561"]
[Result "0-1"]
[Round "11"]
[TimeControl "180+1"]
[Date "2022.04.05"]
[WhiteClock "0:00:04"]
[BlackClock "0:00:06"]

1. d4 Nf6 2. Nf3 e6 3. Bf4 b6 4. e3 Bb7 5. Nbd2 Nh5 6. Bg5 Be7 7. Bxe7 Qxe7 8. Bd3 d6 9. Qe2 a6 10. O-O-O Nf6 11. Kb1 Nbd7 12. e4 e5 13. c3 b5 14. Rhe1 O-O 15. Nf1 g6 16. Ng3 c5 17. d5 c4 18. Bc2 Nc5 19. h4 h5 20. Ng5 a5 21. Qf1 b4 22. f4 bxc3 23. bxc3 exf4 24. Qxf4 Ng4 25. Nf3 Nd3 26. Bxd3 cxd3 27. Rxd3 Ba6 28. Rd2 Rab8+ 29. Ka1 Qc7 30. Rc1 Bc4 31. Nf5 Qb6 32. Nxd6 Bd3 0-1


[Site "https://www.chess.com"]

[Event "Titled Tuesday Blitz April 05 Late 2022"]
[White "Tsukerman, Julia"]
[Black "Sadovsky, Artem"]
[WhiteFideId "2621649"]
[BlackFideId "4155840"]
[WhiteElo "2181"]
[BlackElo "2314"]
[Result "0-1"]
[Round "11"]
[TimeControl "180+1"]
[Date "2022.04.06"]
[WhiteClock "0:00:26"]
[BlackClock "0:02:20"]

1. e4 f5 2. exf5 d5 3. Bd3 Nf6 4. Nf3 c5 5. c3 c4 6. Bc2 Nc6 7. O-O e5 8. fxe6 Bd6 9. Re1 O-O 10. d4 Qe8 11. Bg5 Qh5 12. h3 Ne4 13. e7 Bxh3 14. exf8=Q+ Rxf8 15. gxh3 Rxf3 16. Be3 Bh2+ 17. Kxh2 Rxh3+ 18. Kg2 Rh2+ 19. Kf1 Rh1+ 0-1


[Site "https://www.chess.com"]

[Event "Titled Tuesday Blitz April 05 Late 2022"]
[White "Villegas, Pierre"]
[Black "Sapunov, Evgeny"]
[WhiteFideId "654183"]
[BlackFideId "4126661"]
[WhiteElo "2386"]
[BlackElo "2470"]
[Result "0-1"]
[Round "11"]
[TimeControl "180+1"]
[Date "2022.04.05"]
[WhiteClock "0:00:17"]
[BlackClock "0:00:31"]

1. d4 Nf6 2. c4 g6 3. Nc3 Bg7 4. e4 O-O 5. Nge2 d6 6. Ng3 Nc6 7. Be2 e5 8. d5 Nd4 9. Be3 c5 10. dxc6 bxc6 11. O-O c5 12. Qd2 Bb7 13. f3 h5 14. Bd3 h4 15. Nge2 Nh5 16. Bg5 Bf6 17. Bxf6 Qxf6 18. Nxd4 cxd4 19. Ne2 g5 20. b4 Rfc8 21. Rfc1 Rc7 22. c5 dxc5 23. Rxc5 Rxc5 24. bxc5 Rc8 25. Rc1 Ng7 26. Qb4 Qe7 27. Bc4 Bc6 28. Rc2 Ne6 29. Bxe6 Qxe6 30. Nc1 g4 31. Nd3 h3 32. Qe1 Bb5 33. Nb4 d3 34. Rd2 Rxc5 35. Nd5 Rxd5 36. exd5 Qxd5 37. gxh3 gxf3 38. Kf2 e4 39. Qe3 a6 40. h4 f6 41. Rd1 Kf7 42. Qa7+ Ke6 43. Qb6+ Kf5 44. Rd2 Qe5 45. Qd8 Qxh2+ 46. Ke3 Qf4+ 47. Kd4 e3+ 0-1


[Site "https://www.chess.com"]

[Event "Titled Tuesday Blitz April 05 Late 2022"]
[White "Weetik, Vjacheslav"]
[Black "Vusatiuk, Vladimir"]
[WhiteFideId "4153472"]
[BlackFideId "14118610"]
[WhiteElo "2469"]
[BlackElo "2157"]
[Result "1-0"]
[Round "11"]
[TimeControl "180+1"]
[Date "2022.04.05"]
[WhiteClock "0:00:02"]
[BlackClock "0:00:02"]

1. d4 d5 2. c4 e6 3. Nf3 Nf6 4. g3 c5 5. Bg2 Nc6 6. cxd5 exd5 7. Nc3 Be7 8. O-O c4 9. b3 cxb3 10. axb3 O-O 11. Ne5 Nb4 12. Ba3 Bf5 13. Qd2 a6 14. Na4 a5 15. Nc5 Nc2 16. Nxb7 Qc7 17. Bxe7 Qxe7 18. Nc5 Nxa1 19. Rxa1 Qc7 20. f3 Rfe8 21. Rc1 Qb6 22. h3 Rac8 23. Kh2 Be6 24. Ra1 Ra8 25. e4 Qb4 26. Qe3 Rec8 27. Ra4 Qb6 28. g4 Rab8 29. g5 Ne8 30. Ra1 Nd6 31. Re1 Qc7 32. Qf4 dxe4 33. fxe4 Nb5 34. Nxe6 fxe6 35. d5 exd5 36. exd5 Kh8 37. g6 Rf8 38. Qg3 Rbe8 39. Nf7+ Kg8 40. d6 Qd7 41. Rf1 hxg6 42. Bd5 1-0


[Site "https://www.chess.com"]

[Event "Titled Tuesday Blitz April 05 Late 2022"]
[White "Winkels, Marcel"]
[Black "Petrova, Irina"]
[WhiteFideId "1003887"]
[BlackFideId "14124122"]
[WhiteElo "1900"]
[BlackElo "1993"]
[Result "1-0"]
[Round "11"]
[TimeControl "180+1"]
[Date "2022.04.06"]
[WhiteClock "0:00:17"]
[BlackClock "0:00:01"]

1. d4 d6 2. e4 Nf6 3. Nc3 e5 4. Nf3 Nbd7 5. Rg1 g6 6. g4 Bg7 7. Be3 O-O 8. Qd2 c6 9. O-O-O Qa5 10. Kb1 b5 11. h4 b4 12. Ne2 Nxe4 13. Qe1 Rb8 14. Nc1 Nb6 15. Nb3 Qa4 16. Bd3 Nf6 17. dxe5 Nxg4 18. exd6 Be6 19. Bd4 Rfe8 20. Bxg7 Kxg7 21. Qd2 h5 22. Ng5 Bxb3 23. cxb3 Qa5 24. Bc2 Qc5 25. Rgf1 Rbd8 26. Qd4+ Qxd4 27. Rxd4 Nd5 28. Ne4 c5 29. Nxc5 Rxd6 30. Rfd1 Nxf2 31. Rxd5 Rf6 32. Rc1 Ng4 33. Nd7 Rf2 34. Rcd1 Ree2 35. Rc5 Ne3 36. Rc1 g5 37. Ne5 gxh4 38. Nd3 Rh2 39. Nf4 Rd2 40. Rc7 h3 41. Nxh5+ Kh6 42. Ng3 Rhg2 43. Ne4 Rde2 44. Rc6+ 1-0


[Site "https://www.chess.com"]

[Event "Titled Tuesday Blitz April 05 Late 2022"]
[White "Xiong, Jeffery"]
[Black "Kollars, Dmitrij"]
[WhiteFideId "2047640"]
[BlackFideId "12909572"]
[WhiteElo "2727"]
[BlackElo "2584"]
[Result "1-0"]
[Round "11"]
[TimeControl "180+1"]
[Date "2022.04.05"]
[WhiteClock "0:00:54"]
[BlackClock "0:00:02"]

1. e4 c5 2. Nf3 d6 3. Nc3 Nf6 4. d4 cxd4 5. Qxd4 Nc6 6. Qd3 g6 7. Nd5 Bg7 8. c3 O-O 9. Bg5 Nxd5 10. exd5 Ne5 11. Nxe5 Bxe5 12. Be2 Bf6 13. h4 Qb6 14. Qd2 h5 15. O-O Bf5 16. Rfe1 Rfe8 17. Bf3 Kg7 18. Re2 Qc7 19. Rae1 Qd7 20. Qf4 Rac8 21. Qg3 Kh7 22. Qf4 Be5 23. Qd2 Rc4 24. Be4 b5 25. f4 Bf6 26. Bf3 Bxg5 27. hxg5 e6 28. dxe6 fxe6 29. b3 Rc5 30. Qd4 Qc7 31. g4 e5 32. gxf5 Rxc3 33. fxg6+ Kg7 34. fxe5 d5 35. Bxd5 Rg3+ 36. Rg2 Rxg2+ 37. Bxg2 1-0


[Site "https://www.chess.com"]

[Event "Titled Tuesday Blitz April 05 Late 2022"]
[White "Zhigalko, Sergei"]
[Black "Demchenko, Anton"]
[WhiteFideId "13502956"]
[BlackFideId "4160258"]
[WhiteElo "2662"]
[BlackElo "2539"]
[Result "0-1"]
[Round "11"]
[TimeControl "180+1"]
[Date "2022.04.05"]
[WhiteClock "0:00:01"]
[BlackClock "0:00:41"]

1. e4 e5 2. Nf3 Nc6 3. Bc4 Nf6 4. d3 h6 5. O-O d6 6. Nbd2 g6 7. c3 Bg7 8. Re1 O-O 9. Bb3 Nh7 10. Nf1 Kh8 11. d4 Qe8 12. Ng3 Bg4 13. dxe5 Nxe5 14. Be3 Ng5 15. Bxg5 hxg5 16. Bc2 Qe7 17. Re3 Bxf3 18. gxf3 Bf6 19. Bb3 Kg7 20. Ne2 Rh8 21. f4 gxf4 22. Nxf4 c6 23. Rg3 Bg5 24. Ng2 Bh4 25. Re3 Rh6 26. f4 Nd7 27. Qf3 Rah8 28. Rf1 Bf6 29. h4 Bxh4 30. e5 d5 31. Bc2 Qc5 32. b4 Qb6 33. a4 a5 34. bxa5 Qa7 35. Qg4 f5 36. exf6+ Nxf6 0-1


[Site "https://www.chess.com"]

[Event "Titled Tuesday Blitz April 05 Late 2022"]
[White "Zhou, Qiyu"]
[Black "Cagara, Paulina"]
[WhiteFideId "505161"]
[BlackFideId "1124870"]
[WhiteElo "1925"]
[BlackElo "1780"]
[Result "0-1"]
[Round "11"]
[TimeControl "180+1"]
[Date "2022.04.06"]
[WhiteClock "0:00:03"]
[BlackClock "0:00:42"]

1. e4 c6 2. d4 d5 3. e5 c5 4. dxc5 e6 5. Be3 Nd7 6. Bb5 Qc7 7. Nf3 Bxc5 8. Bxc5 Qxc5 9. Bxd7+ Bxd7 10. O-O Ne7 11. c3 Ng6 12. Nbd2 O-O 13. Nb3 Qc7 14. Re1 Rac8 15. Nbd4 a6 16. Qd2 b5 17. Qg5 a5 18. h4 Qd8 19. Qg4 b4 20. h5 Ne7 21. h6 Ng6 22. hxg7 Kxg7 23. cxb4 axb4 24. Nh2 Qh4 25. Qd1 Rc4 26. Nhf3 Qg4 27. Rc1 Rfc8 28. Rxc4 Rxc4 29. Qd2 Nf4 30. g3 Nh3+ 31. Kg2 h6 32. Rc1 Bc8 33. b3 Rxc1 34. Qxc1 Ba6 35. Qd2 Ng5 36. Nxg5 hxg5 37. f3 Qh5 38. Qxb4 g4 39. fxg4 Qxe5 40. Qd2 Qe4+ 41. Kh3 Bf1+ 42. Kh4 Qh1+ 43. Kg5 f6+ 44. Kf4 Qh6+ 0-1